[Event "*** Titled Tuesday 3|2 Blitz"]
[Site "Chess.com"]
[Date "2015.06.02"]
[Round "1"]
[White "lorcho"]
[Black "HansCoolNiemann"]
[Result "1-0"]
[WhiteElo "2352"]
[BlackElo "1945"]
[TimeControl "180+2"]
[EndTime "11:02:58 PDT"]
[Termination "lorcho won by resignation"]

1. e4 c5 2. Nc3 Nc6 3. g3 g6 4. Bg2 Bg7 5. d3 d6 6. f4 e5 7. Nh3 Nge7 8. O-O O-O 9. f5 gxf5 10. exf5 Nxf5 11. Qh5 Ncd4 12. Be4 Qd7 13. Nd5 h6 14. Rxf5 Nxf5 15. Bxf5 Qxf5 16. Ne7+ Kh7 17. Nxf5 Bxf5 18. Qxf5+ Kh8 19. Qh5 Kh7 20. Ng5+ Kg8 21. Ne4 Kh7 22. Nxd6 e4 23. dxe4 Rad8 24. Bf4 Rd7 25. e5 Rfd8 26. Rf1 f6 27. Qf5+ Kg8 28. exf6 1-0

[Event "*** Titled Tuesday 3|2 Blitz"]
[Site "Chess.com"]
[Date "2015.06.02"]
[Round "1"]
[White "patzerplay"]
[Black "AlexanderL"]
[Result "0-1"]
[WhiteElo "2162"]
[BlackElo "2525"]
[TimeControl "180+2"]
[EndTime "11:03:16 PDT"]
[Termination "AlexanderL won by resignation"]

1. e4 d5 2. exd5 Qxd5 3. Nc3 Qd6 4. Nf3 Nf6 5. d4 c6 6. Bc4 Bg4 7. Be3 Nbd7 8. O-O e6 9. h3 Bh5 10. Be2 Be7 11. Ng5 Bg6 12. Bf3 O-O 13. Nge4 Qb4 14. Rb1 Nd5 15. a3 Qa5 16. Bd2 Qb6 17. Be3 Rfd8 18. Na4 Qc7 19. Nac5 Nxc5 20. Nxc5 Nxe3 21. fxe3 Bxc5 0-1

[Event "*** Titled Tuesday 3|2 Blitz"]
[Site "Chess.com"]
[Date "2015.06.02"]
[Round "1"]
[White "pKiLz5Rn9b"]
[Black "ilmago"]
[Result "1-0"]
[WhiteElo "2329"]
[BlackElo "1875"]
[TimeControl "180+2"]
[EndTime "11:03:39 PDT"]
[Termination "pKiLz5Rn9b won by resignation"]

1. e4 c5 2. c3 d5 3. exd5 Qxd5 4. d4 Nf6 5. Nf3 Nc6 6. Be3 e6 7. Na3 cxd4 8. Nb5 Qd8 9. Nbxd4 Bd7 10. Nxc6 Bxc6 11.
Ne5 Nd5 12. Nxc6 bxc6 13. Bd4 c5 14. Be5 f6 15. Bg3 Be7 16. Bc4 Qd7 17. O-O Kf7 18. Re1 Rad8 19. Qe2 e5 20. Rad1 Qc6 21. Qe4 Ke6 22.
f4 1-0

[Event "*** Titled Tuesday 3|2 Blitz"]
[Site "Chess.com"]
[Date "2015.06.02"]
[Round "1"]
[White "Yaacovn"]
[Black "hellokostya"]
[Result "1-0"]
[WhiteElo "2578"]
[BlackElo "2262"]
[TimeControl "180+2"]
[EndTime "11:03:40 PDT"]
[Termination "Yaacovn won by resignation"]

1. d4 Nf6 2. Nf3 g6 3. c4 Bg7 4. Nc3 O-O 5. g3 d6 6. Bg2 Nc6 7. O-O a6 8. b3 Rb8 9. Bb2 b5 10. cxb5 axb5 11. d5 Na7 12. b4 c6 13. dxc6 Nxc6 14. a3 Be6 15. Ng5 Bd7 16. Rc1 h6 17. Nf3 Qc8 18. Nd5 Nxd5 19. Bxg7 Kxg7 20. Qxd5 Qb7 21. Nd4 Nxd4 22. Qxd4+ e5 23. Qxd6 1-0

[Event "*** Titled Tuesday 3|2 Blitz"]
[Site "Chess.com"]
[Date "2015.06.02"]
[Round "1"]
[White "VSERGUEI"]
[Black "geeeeri"]
[Result "1-0"]
[WhiteElo "2462"]
[BlackElo "2141"]
[TimeControl "180+2"]
[EndTime "11:04:38 PDT"]
[Termination "VSERGUEI won by resignation"]

1. d4 e6 2. c4 Nf6 3. Nc3 d5 4. cxd5 exd5 5. Bg5 c6 6. e3 Be7 7. Qc2 O-O 8. Bd3 Nbd7 9. Nf3 h6 10. Bf4 Re8 11. O-O Nf8 12. h3 Ne6 13. Bh2 Ng5 14. Ne5 Bd6 15. Rae1 Bxe5 16. dxe5 Nfe4 17. f4 Nxc3 18.
fxg5 Ne4 19. gxh6 Qg5 20. Bf4 Qg6 21. hxg7 Bxh3 22. Rf3 Bg4 23. Rg3 Qf5 24. Bxe4 dxe4 25. Qb3 Re6 26. Qxb7 Rae8 27. Qxa7 Rh6 28. Bxh6 1-0

[Event "*** Titled Tuesday 3|2 Blitz"]
[Site "Chess.com"]
[Date "2015.06.02"]
[Round "1"]
[White "oggy1984"]
[Black "AnastasiaProtopopova"]
[Result "1-0"]
[WhiteElo "2326"]
[BlackElo "1901"]
[TimeControl "180+2"]
[EndTime "11:05:10 PDT"]
[Termination "oggy1984 won by resignation"]

1. d4 Nf6 2. c4 e6 3. Nc3 Bb4 4. Qc2 O-O 5. e4 Bxc3+ 6. bxc3 c5 7. e5 Ne8 8. Bd3 d6 9. Bxh7+ Kh8 10. Nf3 dxe5 11.
dxe5 Nc6 12. Bf4 g6 13. Ng5 Kg7 14. h4 Rh8 15. Nxf7 1-0

[Event "*** Titled Tuesday 3|2 Blitz"]
[Site "Chess.com"]
[Date "2015.06.02"]
[Round "1"]
[White "Recombinant"]
[Black "9ShMat2"]
[Result "0-1"]
[WhiteElo "2105"]
[BlackElo "2473"]
[TimeControl "180+2"]
[EndTime "11:05:42 PDT"]
[Termination "9ShMat2 won by resignation"]

1. d4 Nf6 2. c4 g6 3. Nc3 d5 4. Bg5 Ne4 5. Nxe4 dxe4 6. Qd2 Bg7 7. e3 c5 8. d5 h6 9. Bh4 Bf5 10. Ne2 Qb6 11. Nc3 Nd7 12. Be2 Ne5 13. f3 exf3 14. gxf3 g5 15. Bg3 O-O-O 16. e4 Bg6 17. O-O-O f5 18.
Kb1 Rhf8 19. Rhf1 Kb8 20. exf5 Bxf5+ 21. Bd3 Ka8 22. Bxf5 Rxf5 23. Bxe5 Bxe5 24. Qd3 Rdf8 25. Rde1 a6 26. Ne4 0-1

[Event "*** Titled Tuesday 3|2 Blitz"]
[Site "Chess.com"]
[Date "2015.06.02"]
[Round "1"]
[White "1random"]
[Black "zmaj23"]
[Result "0-1"]
[WhiteElo "2046"]
[BlackElo "2404"]
[TimeControl "180+2"]
[EndTime "11:05:54 PDT"]
[Termination "zmaj23 won by checkmate"]

1. e4 c5 2. Nf3 d6 3. d4 cxd4 4.
Nxd4 Nf6 5. Nc3 a6 6. Bg5 e6 7. f4 h6 8. Bh4 Qb6 9. Qd2 Qxb2 10. Rb1 Qa3 11. e5 dxe5 12. fxe5 Nd5 13. Nxd5 exd5 14.
e6 Bxe6 15. Nxe6 fxe6 16. Be2 Bc5 17. Bh5+ Kd7 18. Rxb7+ Kc6 19. Rxg7 Bb4 20. Bg3 Qc1+ 21. Kf2 Qxd2+ 22. Kf3 Rf8+ 23. Kg4 Qd4+ 24. Kh3 Qxg7 25. c4 dxc4 26. a3 Bc5 27. a4 c3 28. a5 c2 29.
Rc1 Qg5 30. Bf3+ Rxf3 31. Rxc2 Qh5# 0-1

[Event "*** Titled Tuesday 3|2 Blitz"]
[Site "Chess.com"]
[Date "2015.06.02"]
[Round "1"]
[White "GeorgMeier"]
[Black "stepanosinovsky"]
[Result "1-0"]
[WhiteElo "2736"]
[BlackElo "2274"]
[TimeControl "180+2"]
[EndTime "11:06:05 PDT"]
[Termination "GeorgMeier won by resignation"]

1. Nf3 Nf6 2. g3 g6 3. Bg2 Bg7 4. O-O O-O 5. d4 d6 6. b3 Nbd7 7. Bb2 e5 8. dxe5 Ng4 9. Qd2 Ngxe5 10. c4 Re8 11. Nc3 h5 12. Rad1 Nxf3+ 13. exf3 h4 14. Rfe1 Rxe1+ 15. Rxe1 Ne5 16. f4 Ng4 17. h3 Nf6 18. g4 Rb8 19. f5 gxf5 20. Qg5 Kh7 21. Nd5 fxg4 22. Nxf6+ Bxf6 23. Bxf6 1-0

[Event "*** Titled Tuesday 3|2 Blitz"]
[Site "Chess.com"]
[Date "2015.06.02"]
[Round "1"]
[White "TomsKantans"]
[Black "Zvonokchess"]
[Result "1-0"]
[WhiteElo "2271"]
[BlackElo "2529"]
[TimeControl "180+2"]
[EndTime "11:06:21 PDT"]
[Termination "TomsKantans won by resignation"]

1. e4 e5 2. Nf3 Nc6 3. d4 exd4 4. Nxd4 Nf6 5. Nc3 Bb4 6. Nxc6 bxc6 7. Qd4 Qe7 8. f3 d5 9. Bg5 c5 10. Bb5+ Kf8 11.
Qd3 d4 12. O-O-O Bd7 13. Nd5 Qd6 14. Nxf6 gxf6 15. Bh6+ Ke7 16. Bxd7 Qxd7 17. c3 Ba5 18. cxd4 Rhg8 19. g4 cxd4 20. Qa3+ Qd6 21. Qxa5 d3 22.
Be3 Ke8 23. Qb5+ c6 24. Qxd3 Qe6 25. Bc5 Rg5 26. Ba3 Rb5 27. Rd2 Rbb8 28. Rhd1 Rc8 29.
Qd7+ Qxd7 1-0

[Event "*** Titled Tuesday 3|2 Blitz"]
[Site "Chess.com"]
[Date "2015.06.02"]
[Round "1"]
[White "DanielNaroditsky"]
[Black "WanderingPuppet"]
[Result "1-0"]
[WhiteElo "2519"]
[BlackElo "2142"]
[TimeControl "180+2"]
[EndTime "11:06:25 PDT"]
[Termination "DanielNaroditsky won by checkmate"]

1. Nf3 Nc6 2. d4 d6 3. e4 e5 4. Bc4 Bg4 5. c3 Nf6 6. Qb3 Bh5 7. Qxb7 Na5 8. Bb5+ c6 9. Bxc6+ Nxc6 10. Qxc6+ Nd7 11. Nbd2 Be7 12. dxe5 Rc8 13. Qb5 Rc5 14. Qa4 O-O 15. exd6 Bxd6 16. O-O h6 17. h3 Re8 18. Re1 Bb8 19.
Qd4 Qc7 20. g3 a6 21. c4 Rc6 22. b4 Ba7 23. c5 Nxc5 24. Bb2 Ne6 25. Qe5 Qc8 26. Qxh5 Rc2 27. Rac1 Rd8 28. Qg4 g6 29.
Qh4 Rd3 30. Qf6 Qc5 31. Qh8# 1-0

[Event "*** Titled Tuesday 3|2 Blitz"]
[Site "Chess.com"]
[Date "2015.06.02"]
[Round "1"]
[White "Aragon"]
[Black "VovAn1991"]
[Result "0-1"]
[WhiteElo "2096"]
[BlackElo "2461"]
[TimeControl "180+2"]
[EndTime "11:06:53 PDT"]
[Termination "VovAn1991 won by resignation"]

1. e4 c5 2. Nf3 d6 3. Bb5+ Nd7 4. O-O a6 5. Be2 Ngf6 6. d3 g6 7. c3 Bg7 8. Nbd2 O-O 9. Re1 b5 10. a4 Bb7 11. Nf1 Nb6 12. axb5 axb5 13. Rxa8 Qxa8 14. Ng3 Nfd7 15. Bf1 Qa2 16. Qc2 Na4 17. Re2 Ra8 18. d4 cxd4 19. cxd4 Rc8 20. Qd3 Rxc1 21. b3 Qa3 22.
Qxb5 Nab6 23. d5 Ba6 24. Qc6 Rxc6 25. dxc6 Bxe2 26. cxd7 Nxd7 27. Bxe2 Qxb3 28. h3 Ne5 29. Kh2 Nxf3+ 30. Bxf3 Be5 31. h4 Qb2 32. Kg1 Bxg3 33. fxg3 h5 34. Kh2 Kg7 35. g4 hxg4 36. Bxg4 Qe5+ 37.
Kh3 Qxe4 0-1

[Event "*** Titled Tuesday 3|2 Blitz"]
[Site "Chess.com"]
[Date "2015.06.02"]
[Round "1"]
[White "Gevorg_Harutjunyan"]
[Black "Malev212"]
[Result "1-0"]
[WhiteElo "2536"]
[BlackElo "2201"]
[TimeControl "180+2"]
[EndTime "11:06:59 PDT"]
[Termination "Gevorg_Harutjunyan won by resignation"]

1. e4 e5 2. Nf3 Nc6 3. d4 exd4 4. Nxd4 Bb4+ 5. c3 Be7 6. Nxc6 bxc6 7. Bd3 d6 8. O-O Nf6 9. Nd2 O-O 10. h3 a5 11.
Re1 Re8 12. Nf3 Bb7 13. e5 dxe5 14. Nxe5 Bd6 15. Bf4 c5 16. Bc4 Bxe5 17. Rxe5 Rxe5 18. Bxe5 Qe7 19. Bg3 Ne4 20. Qb3 Bc6 21. Re1 Qf6 22. Qc2 Re8 23. Bxc7 Re6 24. Bxe6 1-0

[Event "*** Titled Tuesday 3|2 Blitz"]
[Site "Chess.com"]
[Date "2015.06.02"]
[Round "1"]
[White "aripov96"]
[Black "megarompa"]
[Result "0-1"]
[WhiteElo "2266"]
[BlackElo "2702"]
[TimeControl "180+2"]
[EndTime "11:07:20 PDT"]
[Termination "megarompa won by resignation"]

1. Nf3 c5 2. g3 Nc6 3. Bg2 d5 4. O-O e5 5. c4 d4 6. d3 f6 7. e3 Be6 8. exd4 cxd4 9. Nbd2 a5 10. Ne4 Nge7 11. Nc5 Bc8 12. Qb3 b6 13. Na4 Rb8 14.
Re1 Be6 15. Qb5 Bd7 16. Qb3 h5 17. h4 Nf5 18. Qd1 Bc5 19. Nxc5 bxc5 20. b3 Nfe7 21. Ba3 Nb4 22. Bxb4 axb4 23. Nd2 Bf5 24. Ne4 Qc7 25. Qe2 Nc8 26. a4 bxa3 27. Rxa3 Kf7 28. Qf3 Ne7 29.
Rea1 Bg4 30. Ng5+ Kg6 31. Qe4+ Bf5 32. Ne6 Qb6 33. Nf4+ exf4 34. Qxe7 Rhe8 35. Qa7 Qxa7 36. Rxa7 fxg3 37. fxg3 Rxb3 38. Rc7 Rxd3 39. Raa7 Rg8 40. Bd5 Rb8 41. Rxg7+ Kh6 42. Rgf7 Rb1+ 43. Kf2 Rd2+ 44. Kf3 Bg4+ 0-1

[Event "*** Titled Tuesday 3|2 Blitz"]
[Site "Chess.com"]
[Date "2015.06.02"]
[Round "1"]
[White "vovkcoach"]
[Black "Viaje"]
[Result "0-1"]
[WhiteElo "2461"]
[BlackElo "2158"]
[TimeControl "180+2"]
[EndTime "11:07:24 PDT"]
[Termination "Viaje won by resignation"]

1. d4 Nf6 2. c4 c5 3. d5 b5 4.
cxb5 a6 5. bxa6 g6 6. Nc3 Bg7 7. Nf3 O-O 8. e4 Qa5 9. a7 Rxa7 10. Bd2 Qb6 11. Bc4 d6 12. O-O Nbd7 13. h3 Qb8 14. b3 Ba6 15. Rb1 Nb6 16. Bxa6 Rxa6 17. a4 Rc8 18. Re1 Nfd7 19. Nb5 c4 20. a5 c3 21.
Nxc3 Bxc3 22. axb6 Rxb6 23. Bxc3 Rxc3 24. Nd4 Ne5 25.
Qe2 Rb4 26. Red1 Qb6 27. Qe1 Qc5 28. Ne2 Rxh3 29. Rbc1 Qb6 30. Rc8+ Kg7 31. Nf4 Rhxb3 32. Qd2 Rxe4 33. Re8 Rb2 0-1

[Event "*** Titled Tuesday 3|2 Blitz"]
[Site "Chess.com"]
[Date "2015.06.02"]
[Round "1"]
[White "wonderfultime"]
[Black "facu57"]
[Result "0-1"]
[WhiteElo "2515"]
[BlackElo "2184"]
[TimeControl "180+2"]
[EndTime "11:07:31 PDT"]
[Termination "facu57 won by resignation"]

1. d4 c6 2. c4 d5 3. Nc3 Nf6 4.
e3 Bf5 5. cxd5 cxd5 6. Qb3 Qc7 7. Nxd5 Nxd5 8. Qxd5 e6 9. Bb5+ Nc6 10. Qb3 a6 11. Bxc6+ Qxc6 12. Nf3 Bc2 13. Qc3 Qxc3+ 14. bxc3 Be4 15. O-O Rc8 16. Bb2 Bxf3 17. gxf3 Bd6 18. f4 h6 19. Kg2 g5 20. fxg5 hxg5 21. h3 f5 22. Rad1 Ke7 23. Rh1 b5 24. Ba1 Rh4 25. Rb1 Rc4 26. Kf3 Ra4 27. Rb2 e5 28. Rc2 e4+ 29.
Kg2 Ke6 30. Rf1 Kd5 31. f3 exf3+ 32. Rxf3 Ke4 33. Rcf2 g4 34. hxg4 Rh2+ 35. Kg1 Rxa2 36. Rxa2 Rxa2 37. Rf1 fxg4 38. Rc1 g3 39. Rb1 Kxe3 40.
Bb2 Kd3 0-1

[Event "*** Titled Tuesday 3|2 Blitz"]
[Site "Chess.com"]
[Date "2015.06.02"]
[Round "1"]
[White "FearNoEvil12"]
[Black "E-Shaposhnikov"]
[Result "0-1"]
[WhiteElo "1936"]
[BlackElo "2386"]
[TimeControl "180+2"]
[EndTime "11:07:35 PDT"]
[Termination "E-Shaposhnikov won by resignation"]

1. Nf3 c5 2. c4 Nc6 3. e3 e5 4.
Nc3 f5 5. d4 e4 6. Ng1 Nf6 7.
Nge2 cxd4 8. exd4 d5 9. cxd5 Nxd5 10. Qb3 Be6 11. Qxb7 Ndb4 12. Bg5 Nd3+ 13. Kd1 Nxf2+ 14. Ke1 Nd3+ 15. Kd1 Qc8 16. Qxc8+ Rxc8 17. d5 Ncb4 18. dxe6 Nf2+ 19. Kd2 Nxh1 20. Nf4 Be7 21. Bb5+ Kf8 22. Bxe7+ Kxe7 23. Rxh1 g5 24. Nfe2 Kxe6 25. a3 Rhd8+ 26.
Ke3 Nc2+ 27. Kf2 Rd2 28. Rc1 Nd4 29. Rb1 Nxb5 30. Nxb5 Rcc2 31. Nc3 Rxb2 32. Rxb2 Rxb2 33. g4 fxg4 34. Nxe4 Kf5 35. Ke3 Rxe2+ 36. Kxe2 Kxe4 0-1

[Event "*** Titled Tuesday 3|2 Blitz"]
[Site "Chess.com"]
[Date "2015.06.02"]
[Round "1"]
[White "kesarev"]
[Black "MITerryble"]
[Result "0-1"]
[WhiteElo "2149"]
[BlackElo "2520"]
[TimeControl "180+2"]
[EndTime "11:07:38 PDT"]
[Termination "MITerryble won by resignation"]

1. Nf3 Nf6 2. c4 e6 3. g3 b6 4. Bg2 Bb7 5. O-O Be7 6. Nc3 O-O 7. b3 d5 8. cxd5 exd5 9. d4 Ne4 10. Bb2 Nd7 11. Rc1 a6 12. Nd2 Nxc3 13. Bxc3 f5 14. Qc2 Bd6 15. Nc4 Be7 16. Ne3 Ba3 17. Rcd1 f4 18.
Nxd5 f3 19. Bh3 Bxd5 20. e4 Bb7 21. b4 Kh8 22. Qb3 Bxe4 23. Qxa3 Bd5 24. Rfe1 Nf6 25. Qb2 Ne4 26. Bd2 Qd6 27. Re3 Qh6 28. Bg4 Nxf2 29.
Rxf3 Nh3+ 30. Bxh3 Qxh3 31. Rxf8+ Rxf8 32. Bf4 Rxf4 33. gxf4 Qg4+ 34. Kf2 Qxd1 0-1

[Event "*** Titled Tuesday 3|2 Blitz"]
[Site "Chess.com"]
[Date "2015.06.02"]
[Round "1"]
[White "PowerThinking2650"]
[Black "Konavets"]
[Result "0-1"]
[WhiteElo "2061"]
[BlackElo "2430"]
[TimeControl "180+2"]
[EndTime "11:07:39 PDT"]
[Termination "Konavets won by resignation"]

1. e4 c5 2. Nf3 d6 3. d4 cxd4 4. Nxd4 Nf6 5. Nc3 a6 6. Be3 Ng4 7. Bc1 Nf6 8. f3 Qb6 9. Nb3 e6 10. Qe2 Be7 11. Be3 Qc7 12. Qd2 O-O 13. g4 b5 14. g5 Nfd7 15. O-O-O Bb7 16. h4 b4 17. Ne2 Ne5 18. Ned4 a5 19. Kb1 a4 20. Nc1 d5 21.
Bf4 Nbd7 22. Nd3 b3 23. Rc1 bxa2+ 24. Ka1 a3 25. b3 dxe4 26. Nb5 Nxf3 27. Nxc7 Nxd2 28.
Nxa8 exd3 29. Bxd3 Nc5 30. Bxd2 Nxd3 31. cxd3 Bxh1 32.
Rxh1 Rxa8 33. Rc1 Rd8 34. Rc3 Bb4 35. Rc2 Bf8 36. Kxa2 Rxd3 37. Bc1 Rd8 38. Rc4 e5 39. Bxa3 Rd2+ 40. Kb1 Bxa3 0-1

[Event "*** Titled Tuesday 3|2 Blitz"]
[Site "Chess.com"]
[Date "2015.06.02"]
[Round "1"]
[White "Aygehovit1992"]
[Black "MrHenriksson"]
[Result "1-0"]
[WhiteElo "2410"]
[BlackElo "2061"]
[TimeControl "180+2"]
[EndTime "11:07:45 PDT"]
[Termination "Aygehovit1992 won by resignation"]

1. e4 c6 2. d4 d5 3. e5 Bf5 4. Nf3 e6 5. Be2 c5 6. O-O Nc6 7. c3 cxd4 8. cxd4 Bg4 9. Nc3 Nge7 10. h3 Bxf3 11. Bxf3 Nf5 12. Be3 Be7 13. g4 Nxe3 14.
fxe3 O-O 15. Qe2 f5 16. exf6 Bxf6 17. Bg2 Qb6 18. Kh1 Kh8 19. Na4 Qc7 20. Nc5 Qe7 21. Rac1 Rac8 22. a3 b6 23. Nd3 Na5 24. Nf4 Nc4 25.
Rc3 Bg5 26. Rf3 Bxf4 27. exf4 Nd6 28. Rxc8 Rxc8 29. Re3 Ne4 30. Bxe4 dxe4 31. Rxe4 Rc1+ 32. Kg2 Qb7 33. Qf3 Rc2+ 34. Kg3 Qd7 35. Qe3 Rxb2 36. Rxe6 h6 37. Re8+ Kh7 38. Qe4+ g6 39. Re7+ Qxe7 40. Qxe7+ 1-0

[Event "*** Titled Tuesday 3|2 Blitz"]
[Site "Chess.com"]
[Date "2015.06.02"]
[Round "1"]
[White "Tilicheev_Viacheslav"]
[Black "ruifeng"]
[Result "1-0"]
[WhiteElo "2413"]
[BlackElo "2053"]
[TimeControl "180+2"]
[EndTime "11:07:51 PDT"]
[Termination "Tilicheev_Viacheslav won by checkmate"]

1. b3 e5 2. Bb2 Nc6 3. e3 Nf6 4.
Bb5 Bd6 5. Na3 Be7 6. Nc4 d6 7. Bxc6+ bxc6 8. Ne2 O-O 9. d4 exd4 10. Nxd4 c5 11. Nc6 Qd7 12. Qf3 Ba6 13. Nxe7+ Qxe7 14. Bxf6 Qxf6 15. Qxf6 gxf6 16. Na5 Rfe8 17. c4 Rab8 18. Kd2 Bb7 19. f3 Ba8 20. e4 Rb6 21. a3 Reb8 22. Kc3 Re8 23. g4 Kg7 24. h4 Re5 25. h5 h6 26. Rhd1 Rb8 27. b4 cxb4+ 28. axb4 a6 29.
Nb3 Bb7 30. Nd4 Kh7 31. Nf5 Rbe8 32. c5 dxc5 33. Rd7 cxb4+ 34. Kxb4 Rb8 35. Rxf7+ Kh8 36.
Kc4 Bc8 37. Rxf6 Bxf5 38. gxf5 a5 39. Rg1 Kh7 40. Rf7+ Kh8 41. Rg6 Rb6 42. Rxc7 Rb4+ 43. Kd3 Reb5 44. Rxh6+ Kg8 45. Rd6 Rb3+ 46. Kd4 R3b4+ 47.
Ke3 Rb8 48. Rg6+ Kh8 49. Rh6+ Kg8 50. f6 Rf8 51. Rg7# 1-0

[Event "*** Titled Tuesday 3|2 Blitz"]
[Site "Chess.com"]
[Date "2015.06.02"]
[Round "1"]
[White "dabee"]
[Black "Krutoy123"]
[Result "0-1"]
[WhiteElo "2368"]
[BlackElo "2052"]
[TimeControl "180+2"]
[EndTime "11:07:52 PDT"]
[Termination "Krutoy123 won by resignation"]

1. d4 Nf6 2. Bg5 d5 3. e3 e6 4. Bd3 Be7 5. Nd2 h6 6. Bf4 c5 7. c3 Nc6 8. Ngf3 O-O 9. Ne5 Nxe5 10.
dxe5 Nd7 11. h4 f6 12. Nf3 fxe5 13. Nxe5 Nxe5 14. Bxe5 Bf6 15. Qh5 Bxe5 16. Qxe5 Qf6 17. f4 Qxe5 18. fxe5 b6 19. Ke2 Bb7 20. Rhf1 a6 21.
g4 b5 22. b4 c4 23. Bg6 Bc6 24. Rf4 a5 25. bxa5 Rxf4 26. exf4 Rxa5 27. Ke3 Ra3 28. Kd4 Kf8 29. f5 Ke7 30. g5 exf5 31. Bxf5 hxg5 32.
hxg5 Ra8 33. Kc5 Be8 34. Kxd5 Rd8+ 35. Kc5 Rd2 36. a4 bxa4 37. Kxc4 Rg2 38. g6 Rg5 39.
Rf1 Rg3 40. Rh1 Rf3 41. Be4 Rf4 42. Kd3 Rxe4 43. Rh7 Rxe5 44. Rxg7+ Kf6 45. Rg8 a3 46. g7 a2 47. Rf8+ Kxg7 48. Rf1 Bg6+ 49. Kd4 Bb1 50. Kxe5 a1=Q 0-1

[Event "*** Titled Tuesday 3|2 Blitz"]
[Site "Chess.com"]
[Date "2015.06.02"]
[Round "1"]
[White "WGMCarlaHeredia"]
[Black "gmsakk"]
[Result "0-1"]
[WhiteElo "2066"]
[BlackElo "2439"]
[TimeControl "180+2"]
[EndTime "11:08:10 PDT"]
[Termination "gmsakk won on time"]

1. e4 c5 2. Nf3 d6 3. d4 cxd4 4. Nxd4 Nf6 5. Nc3 a6 6. Qe2 e6 7. g4 Qc7 8. g5 Nfd7 9. Be3 b5 10. Bg2 Bb7 11. O-O-O Nc6 12. f4 b4 13. Na4 Be7 14. f5 Nxd4 15. Rxd4 a5 16. fxe6 fxe6 17. Qh5+ g6 18.
Qg4 Nf8 19. Rd2 Ra6 20. Rf1 Bc6 21. Nb6 Rxb6 22. Bxb6 Qxb6 23. Qf4 Qc5 24. e5 Bxg2 25. Qf7+ Kd8 26. exd6 Bxg5 27. Rf4 Bxf4 28. Qxf4 Nd7 29. Rxg2 Rf8 30. Qh4+ Kc8 31. Qe1 e5 32. Rd2 Rf6 33.
Qh4 Rf1+ 0-1

[Event "*** Titled Tuesday 3|2 Blitz"]
[Site "Chess.com"]
[Date "2015.06.02"]
[Round "1"]
[White "Schemato"]
[Black "Keaton87"]
[Result "0-1"]
[WhiteElo "2054"]
[BlackElo "2408"]
[TimeControl "180+2"]
[EndTime "11:08:15 PDT"]
[Termination "Keaton87 won by resignation"]

1. c4 Nf6 2. Nc3 g6 3. g3 d5 4. cxd5 Nxd5 5. Bg2 Nb6 6. Nf3 Bg7 7. d3 Nc6 8. Be3 O-O 9. Qc1 Re8 10. Bh6 Bh8 11. h4 Nd4 12. h5 Nf5 13. Bd2 Bg7 14. Ne4 c6 15. Bc3 Bxc3+ 16. bxc3 e5 17. hxg6 fxg6 18.
g4 Nd6 19. Qh6 Nf7 20. Qxh7+ Kf8 21. Qxg6 Re6 22. Qf5 Rh6 23. Qxf7+ Kxf7 24. Rxh6 Kg7 25. g5 Bf5 26. Nxe5 Nd5 27. c4 Qa5+ 28. Kf1 Nf4 29. Nf3 Bxe4 30. dxe4 Qc3 31. Rd1 Qc2 32. Rd7+ Kg8 33.
Ne1 Qxe2+ 34. Kg1 Qxe1+ 35. Kh2 Qxf2 0-1

[Event "*** Titled Tuesday 3|2 Blitz"]
[Site "Chess.com"]
[Date "2015.06.02"]
[Round "1"]
[White "iFrancisco"]
[Black "lexiel"]
[Result "1-0"]
[WhiteElo "2311"]
[BlackElo "1849"]
[TimeControl "180+2"]
[EndTime "11:08:15 PDT"]
[Termination "iFrancisco won by resignation"]

1. e4 c5 2. Nf3 d6 3. d4 cxd4 4. Nxd4 Nf6 5. Nc3 Nc6 6. Be2 g6 7. Be3 Bg7 8. O-O O-O 9. f4 Bd7 10. Nb3 a5 11. a4 Rc8 12. Bf3 Be6 13. Nd4 Bc4 14. Rf2 Nd7 15. b3 Ba6 16. Ncb5 Nb4 17. c4 Nc5 18. Rb1 b6 19. Rd2 Bb7 20. Nc3 Qe8 21. Nd5 Nxd5 22. exd5 Rd8 23. g3 e5 24. dxe6 fxe6 25. Bxb7 Nxb7 26. Nb5 d5 27. Bxb6 Rb8 28. cxd5 exd5 29. Bf2 Qe4 30. Rxd5 Nd8 31. Qd3 Qe6 32. Re1 Qh3 33. Bc5 Nf7 34. Bxf8 Rxf8 35. Nc7 Qc8 36. Qc4 Qb8 37. Ne6 Qb6+ 38. Kg2 Re8 39. Re4 Nd6 40. Rxd6 Qxd6 41. Nc7+ 1-0

[Event "*** Titled Tuesday 3|2 Blitz"]
[Site "Chess.com"]
[Date "2015.06.02"]
[Round "1"]
[White "Philofive"]
[Black "Cruel_Yaro"]
[Result "0-1"]
[WhiteElo "2215"]
[BlackElo "2536"]
[TimeControl "180+2"]
[EndTime "11:08:19 PDT"]
[Termination "Cruel_Yaro won by resignation"]

1. d4 Nf6 2. Bg5 Ne4 3. Bf4 c6 4. f3 Nf6 5. c3 d5 6. Nd2 Bd7 7. e4 e6 8. Bd3 Nh5 9. Be3 Qh4+ 10. Bf2 Qd8 11. Ne2 g6 12. Qc2 Bh6 13. Nb3 dxe4 14. fxe4 e5 15. O-O O-O 16. dxe5 Qe7 17. Nc5 Bg4 18. e6 Bxe6 19. Nd4 Bc8 20. b4 Nd7 21. Ncb3 Ne5 22. Be2 Nf4 23. Be3 Nh3+ 24. gxh3 Bxe3+ 25. Kh1 Bxh3 26. Qd3 Bxf1 27. Rxf1 Bh6 28. Qg3 Kh8 29. Nc5 Bg7 30. Rg1 Rg8 31. Rf1 b6 32. Ncb3 c5 33. bxc5 bxc5 34. Nf3 Nxf3 35. Qxf3 Rgf8 36. Bc4 Be5 37.
Bd5 Rad8 38. Qh3 f5 39. c4 fxe4 40. Bxe4 Rxf1+ 41. Qxf1 Qh4 0-1

[Event "*** Titled Tuesday 3|2 Blitz"]
[Site "Chess.com"]
[Date "2015.06.02"]
[Round "1"]
[White "adypady02"]
[Black "hansen"]
[Result "1-0"]
[WhiteElo "2276"]
[BlackElo "2545"]
[TimeControl "180+2"]
[EndTime "11:08:24 PDT"]
[Termination "adypady02 won by resignation"]

1. e4 e5 2. Nf3 Nc6 3. Bb5 a6 4. Ba4 Nf6 5. O-O Be7 6. d3 d6 7. c3 O-O 8. Nbd2 Re8 9. Re1 Bf8 10. Nf1 b5 11. Bc2 Ne7 12. h3 Ng6 13. d4 Bb7 14.
Ng3 exd4 15. cxd4 c5 16. b3 Rc8 17. Bb2 cxd4 18. Nxd4 d5 19. exd5 Qxd5 20. Nf3 Rxe1+ 21. Nxe1 Nf4 22. Bxf6 Qxd1 23. Rxd1 gxf6 24. Be4 Ne2+ 25.
Kh2 Bxe4 26. Nxe4 f5 27. Ng5 Nc3 28. Rd2 h6 29. Ngf3 Ne4 30. Re2 Re8 31. g3 Rd8 32.
Kg2 Kg7 33. Nc2 Nc3 34. Re5 Kf6 35. Ne3 Nxa2 36. Rxf5+ Kg7 37. Ne5 f6 38. N5g4 Rd6 39.
Rf4 Nc1 40. Nf5+ Kg8 41. Nxd6 Bxd6 42. Rxf6 1-0

[Event "*** Titled Tuesday 3|2 Blitz"]
[Site "Chess.com"]
[Date "2015.06.02"]
[Round "1"]
[White "TheLancer"]
[Black "chesswooog"]
[Result "1-0"]
[WhiteElo "2374"]
[BlackElo "1929"]
[TimeControl "180+2"]
[EndTime "11:08:29 PDT"]
[Termination "TheLancer won on time"]

1. e4 c5 2. Nc3 Nc6 3. Nf3 d6 4. d4 cxd4 5. Nxd4 Nf6 6. Be2 g6 7. Be3 Bg7 8. f3 O-O 9. Qd2 Nxd4 10. Bxd4 Be6 11. g4 Qa5 12. h4 h5 13. g5 Nd7 14.
Bxg7 Kxg7 15. f4 Qb6 16. O-O-O Rac8 17. Rdf1 Bc4 18. Bxc4 Rxc4 19. Nd5 Qa6 20. Kb1 Rxe4 21. Re1 Ra4 22. Rxe7 Rxa2 23. Qc3+ Ne5 24. b3 Rc8 25. Rc7 Rxc7 26. Nxc7 Qa3 27. fxe5 dxe5 28. Qxe5+ Kh7 29.
Rf1 f5 30. gxf6 Qa5 31. f7 Qxe5 32. Kxa2 Qa5+ 33. Kb1 Qxc7 34. f8=Q 1-0

[Event "*** Titled Tuesday 3|2 Blitz"]
[Site "Chess.com"]
[Date "2015.06.02"]
[Round "1"]
[White "GGuseinov"]
[Black "goldaxe"]
[Result "1-0"]
[WhiteElo "2533"]
[BlackElo "2160"]
[TimeControl "180+2"]
[EndTime "11:08:40 PDT"]
[Termination "GGuseinov won on time"]

1. e4 e5 2. Nf3 Nc6 3. Bb5 a6 4. Bxc6 dxc6 5. O-O Bg4 6. h3 Bh5 7. g4 Bg6 8. Nxe5 Qh4 9. Qf3 f6 10. Nxg6 hxg6 11. Kg2 g5 12. d3 Bd6 13. Nd2 Ne7 14. Nc4 O-O-O 15. Be3 Ng6 16. Rh1 Qh7 17. Qf5+ Kb8 18. Kf1 Bf4 19. Bxf4 Nxf4 20. Qxh7 Rxh7 21. Re1 Rxh3 22. Rxh3 Nxh3 23. e5 Re8 24. Re3 Nf4 25. exf6 Rh8 26. Kg1 gxf6 27. Nd2 Rh4 28. f3 Rh3 29.
Ne4 Nd5 30. Kg2 Nxe3+ 31. Kxh3 Nxc2 32. Nxf6 Ne1 33. f4 gxf4 34. g5 f3 35. Kg3 Nxd3 36.
Kxf3 Ne5+ 37. Kf4 Ng6+ 38. Kf5 Nh4+ 39. Kg4 Ng6 40. Kh5 Nf4+ 41. Kh6 c5 42. Nh5 Ne6 43. g6 c4 44. Nf4 Nxf4 45. g7 1-0